 Dungeon Crawl Stone Soup version 0.30-a0-883-g5ad918d77d (webtiles) character file.

Game seed: 1406170587101904267

117 lunkers the Cudgeller (level 5, 0/45 HPs)
             Began as a Meteoran Fighter on Mar 15, 2023.
             Slain by a black bear (4 damage)
             ... on level 4 of the Dungeon.
             The game lasted 00:03:38 (799 turns).

lunkers the Cudgeller (Meteoran Fighter)             Turns: 799, Time: 00:03:38

Health: 0/45       AC:  8    Str: 17    XL:     5   Next: 47%
Magic:  6/6        EV:  9    Int: 13    God:
Gold:   109        SH:  5    Dex: 16    Spells: 4/4 levels left

rFire   . . .      SeeInvis .    a - +0 flail
rCold   + . .      Faith    .    c - +0 buckler
rNeg    + . .      Spirit   .    b - +0 scale mail
rPois   .          Reflect  .    (no helmet)
rElec   .          Rampage  .    (no cloak)
rCorr   .                        e - +0 pair of gloves
Will    .....                    (no boots) Stlth
                                 o - amulet of Adocesim {RegenMP rC+ Int+4}
HPRegen 0.27/turn                i - ring of positive energy
MPRegen 0.50/turn                (no ring)

@: glowing
A: sense surroundings 1, otherworldly, glowing, explore regen
a: no special abilities


You were on level 4 of the Dungeon.
You visited 1 branch of the dungeon, and saw 4 of its levels.

You collected 109 gold pieces.

Inventory:

Hand Weapons
 a - a +0 flail (weapon)
Armour
 b - a +0 scale mail (worn)
 c - a +0 buckler (worn)
 e - a +0 pair of gloves (worn)
Jewellery
 i - a ring of positive energy (left hand)
 o - the amulet of Adocesim (around neck) {RegenMP rC+ Int+4}
   (You took it off a kobold on level 3 of the Dungeon)

   [amulet of magic regeneration]

   It increases your rate of magic regeneration.
   Int:       It affects your intelligence (+4).
   rC:        It protects you from cold.
Scrolls
 g - a scroll of poison {unknown}
 j - a scroll of enchant weapon {unknown}
 k - a scroll of blinking {unknown}
 l - a scroll of teleportation {unknown}
 m - a scroll of summoning {unknown}
 r - a scroll of fear {unknown}
Potions
 d - 2 potions of might
 h - 3 potions of haste
 n - a potion of heal wounds
 p - a potion of brilliance
 q - a potion of ambrosia


   Skills:
 - Level 3.2 Fighting
 + Level 6.6 Maces & Flails
 - Level 3.6 Armour
 - Level 3.6 Shields


You had 4 spell levels left.
You didn't know any spells.
Your spell library contained the following spells:

 Spells                   Type           Power      Damage    Failure   Level
 Scorch                   Fire           0%         2d5       90%         2
 Flame Wave               Conj/Fire      0%         2d4       100%        4
 Summon Cactus Giant      Summ           0%         N/A       100%        6


Dungeon Overview and Level Annotations

Branches:
Dungeon (4/15) Zot: 1567
 Temple: D:4-7

Altars:


Innate Abilities, Weirdness & Mutations

You passively map a small area around you.
You are easily found by Zot.
You glow in the dark.
You regain HP and MP as you explore.


Message History

The black bear is heavily wounded.
You block the black bear's attack.
The black bear claws you but does no damage.
You block the black bear's attack.
You thump the black bear!
The black bear is severely wounded.
The black bear bites you.
The black bear claws you but does no damage.
You block the black bear's attack.
The black bear bites you but does no damage.
You block the black bear's attack.
The black bear claws you but does no damage.
You thump the black bear!
The black bear is almost dead.
The black bear goes berserk!
You closely miss the black bear.
The black bear is almost dead.
The black bear bites you!
* * * LOW HITPOINT WARNING * * *
The black bear claws you.
* * * LOW HITPOINT WARNING * * *
The black bear claws you but does no damage.
You hit the black bear but do no damage.
The black bear is almost dead.
The black bear bites you.
* * * LOW HITPOINT WARNING * * *
The black bear claws you.
* * * LOW HITPOINT WARNING * * *
The black bear claws you.
* * * LOW HITPOINT WARNING * * *
The black bear bites you.
* * * LOW HITPOINT WARNING * * *
The black bear claws you but does no damage.
You block the black bear's attack.
Unknown command.
Unknown command.
You closely miss the black bear.
The black bear is almost dead.
The black bear bites you.
You die...

,, , ## , * #####.#* *
, , ,......#* * , ** ,
,....<. , , , , *..#.#
, , * #### *#h#.# , ,
#.. #@#.# * ## , , #.#
#.#.###... , , , * #.#
#......... .> ##.#
####......# #.
#..###........## ,
#..######.#.......#..##
,
#.........<..)........#
##..#..........##..#..#
,
.........#####.###..###


You could see a black bear (berserk).

Vanquished Creatures
  A hound (D:4)
  4 adders
  2 worms (D:2)
  A dart slug (D:1)
  3 ball pythons (D:1)
  5 endoplasms
  2 giant cockroaches
  7 goblins
  4 hobgoblins
  3 jackals (D:2)
  A kobold (D:3)
  2 quokkas
  A bat (D:2)
  A frilled lizard (D:3)
  2 rats (D:1)
39 creatures vanquished.

Notes
Turn   | Place    | Note
-------+----------+-------------------------------------------
     0 | D:1      | lunkers the Meteoran Fighter began the quest for the Orb.
     0 | D:1      | Reached XP level 1. HP: 19/19 MP: 2/2
    81 | D:1      | Reached skill level 3 in Maces & Flails
   113 | D:1      | Reached XP level 2. HP: 26/26 MP: 3/3
   171 | D:1      | Reached skill level 4 in Maces & Flails
   295 | D:2      | Reached XP level 3. HP: 23/31 MP: 4/4
   395 | D:2      | Reached skill level 5 in Maces & Flails
   395 | D:2      | Reached XP level 4. HP: 26/38 MP: 5/5
   643 | D:3      | Identified the amulet of Adocesim {RegenMP rC+ Int+4}
   751 | D:4      | Reached skill level 6 in Maces & Flails
   751 | D:4      | Reached XP level 5. HP: 38/45 MP: 6/6
   784 | D:4      | Noticed a black bear
   799 | D:4      | Slain by a black bear

Illustrated notes

Levels and vault maps discovered:
D:1:      roderic_crossed_star, layout_basic, minivault_19
D:2:      layout_basic, minmay_misc_feat_ornament
D:3:      layout_basic, uniq_natasha
D:4:      layout_rooms, hellmonk_okawaru_the_only_friend_you_need,
          mainiacjoe_overflow_small_starburst,
          nicolae_overflow_hallway_of_the_gods, dancing_weapons_uskayaw,
          minmay_misc_feat_alley

Skill      XL: |  1  2  3  4 |
---------------+-------------+-----
Maces & Flails | 3 4 5 6 |  6.6
Fighting       | |  3.2
Armour         | |  3.6
Shields        | |  3.6

Action                     |  1- 3 |  4- 6 || total
---------------------------+-------+-------++-------
  Melee: Flail             |    74 |    87 ||   161
    Use: Scroll            |     1 |     3 ||     4
 Armour: Scale mail        |    38 |    59 ||    97
  Dodge: Dodged            |    23 |    42 ||    65
  Block: Buckler           |    12 |    24 ||    36

Table legend: (Time is in decaauts)
 A = Elapsed time spent in this place.
 B = Non-inter-level travel time spent in this place.
 C = Inter-level travel time spent in this place.
 D = Time resting spent in this place.
 E = Time spent auto-exploring this place.
 F = Levels seen in this place.
 G = Mean time per level.
                   A        B        C        D        E       F      G
               +--------+--------+--------+--------+--------+-----+--------+
         Total |    831 |    831 |      0 |      0 |    399 |   4 |  207.8 |
       Dungeon |    831 |    831 |      0 |      0 |    399 |   4 |  207.8 |
               +--------+--------+--------+--------+--------+-----+--------+

Top non-repeatable levels by time:
     D:2: 344 daAuts
     D:1: 223 daAuts
     D:3: 198 daAuts
     D:4: 66 daAuts
